Map: Last Fantasy LE

Players

ManlyManMeat

  • Race: Zerg Zerg
  • League: Diamond
  • Spawn Location: 7:00

VOD

Have the link to the VOD?

Description

Time

  • Played on: July 15, 2025, 10:57 a.m.
  • Length: 18:05
Show
View Real Time Build Order
Export as new Build Order

ManlyManMeat Zerg 

Build Orders:  

Get SALT Encoding   

  12  0:00  Drone  
  13  0:12  Drone  
  14  0:20  Extractor  
  14  0:21  Drone  
  15  0:31  Overlord  
  15  0:58  Drone  
  16  1:07  Hatchery  
  15  1:13  Drone  
  15  1:18  Drone  
  17  1:23  Drone  
  18  1:37  Extractor  
  17  1:47  Spawning Pool  
  16  1:51  Drone  
  16  1:56  Drone  
  18  2:01  Drone  
  19  2:15  Drone  
  20  2:30  Drone  
  21  2:52  Queen x2  
  21  2:53  Zergling x2  
  21  2:57  Overlord  
  26  3:03  Drone  
  26  3:05  Drone  
  28  3:22  Drone x2  
  30  3:32  Drone  
  30  3:33  Drone  
  32  3:46  Queen  
  34  3:58  Hatchery  
  33  4:03  Metabolic Boost  
  33  4:04  Overlord  
  33  4:10  Drone x2  
  33  4:13  Drone  
  36  4:20  Overlord  
  36  4:32  Drone x2  
  36  4:33  Drone x3  
  36  4:35  Drone  
  42  4:42  Drone x2  
  44  4:53  Spore Crawler  
  44  4:56  Spore Crawler  
  44  4:57  Drone  
  44  4:58  Drone  
  44  5:01  Drone  
  45  5:17  Zergling x2  
  45  5:18  Zergling x12  
  52  5:20  Overlord  
  52  5:40  Drone x2  
  52  5:41  Drone  
  52  5:42  Evolution Chamber  
  52  5:46  Queen  
  56  5:54  Extractor, Drone x2  
  56  5:57  Extractor  
  56  6:03  Queen  
  56  6:05  Overlord  
  56  6:09  Lair  
  58  6:19  Drone  
  39  6:20  Drone x5  
  59  6:22  Overlord  
  59  6:24  Overlord  
  64  6:32  Drone  
  64  6:33  Drone  
  64  6:35  Drone  
  67  6:53  Queen  
  69  7:12  Drone x3  
  69  7:13  Drone x3  
  69  7:17  Drone x4  
  69  7:19  Spire  
  78  7:21  Extractor  
  78  7:22  Extractor  
  78  7:25  Zerg Melee Weapons Level 1  
  76  7:30  Zergling x2  
  76  7:31  Zergling x6  
  76  7:36  Drone  
  76  7:38  Drone  
  82  7:41  Hatchery  
  82  7:42  Roach Warren  
  80  8:02  Overlord  
  80  8:03  Overlord x2  
  80  8:06  Drone x2  
  80  8:07  Drone  
  80  8:08  Drone x3  
  86  8:17  Overlord x2  
  86  8:38  Drone  
  86  8:39  Drone x2  
  89  8:41  Zergling x6  
  89  8:43  Overlord x2  
  89  8:45  Hatchery  
  91  8:50  Hatchery  
  90  9:04  Mutalisk x3  
  90  9:05  Mutalisk x3  
  102  9:12  Zergling x12  
  102  9:15  Zerg Flyer Weapons Level 1  
  108  9:27  Drone x3  
  108  9:28  Drone x3  
  108  9:29  Drone  
  108  9:51  Mutalisk x4  
  108  9:54  Queen  
  113  10:19  Mutalisk x3  
  119  10:23  Zergling x6  
  119  10:24  Zergling x2  
  123  10:34  Queen  
  123  10:37  Drone x3  
  123  10:38  Drone x3  
  131  10:48  Drone x3  
  134  10:54  Mutalisk x3  
  134  10:56  Extractor  
  134  10:59  Extractor  
  138  11:03  Extractor  
  138  11:05  Extractor  
  126  11:30  Zergling x18  
  126  11:35  Zergling x2  
  126  11:36  Zergling x16  
  144  11:50  Drone x3  
  144  11:51  Drone  
  144  11:52  Drone x3  
  144  11:57  Infestation Pit  
  150  12:00  Mutalisk x6  
  162  12:20  Extractor  
  162  12:21  Extractor  
  162  12:23  Overlord x3  
  162  12:24  Overlord x3  
  162  12:25  Overlord x2  
  160  12:44  Drone x2  
  160  12:45  Drone  
  160  12:49  Drone x3  
  78  12:50  Drone x3  
  166  12:57  Zerg Melee Weapons Level 2  
  166  12:58  Zerg Flyer Weapons Level 2  
  169  13:00  Zergling x22  
  180  13:51  Glial Reconstitution  
  180  13:55  Evolution Chamber  
  180  13:59  Spire  
  178  14:04  Mutalisk x8  
  194  14:27  Hive  
  194  15:15  Zerg Ground Armor Level 1  
  194  15:34  Ultralisk Cavern  
  193  16:06  Hatchery  
  192  16:12  Hatchery  
  192  16:17  Hatchery  
  190  16:47  Adrenal Overload  
  190  16:57  Hatchery  
  189  17:24  Overseer  
Tags
 
Add a new tag
Caveats
  • Supply blocks, unpowered buildings, or Contaminate may cause inaccurate times.
  • Supply counts are checked every 10 seconds.